General information
			
			
        
        - name: BNet
 
        - type: Ladder team game (AT/RT)
 
        - host: Battle.net
 
        - saver: 418
 
        
map: GoldRush 
        - players: 8
 
        - length: 12:29
 
        - speed: Fast
 - version: 1.22 W3XP
 - replay type:  Public
 
» download(73 KB)
Players
        team 1 (winner) 
              
              
418 (
purple | 16 APM | 201 actions | 12:29)
              
 1 Goblin Tinker 
 1 Pocket Factory
 
                » actions 
                
                | Basic commands | 8 |  | 
| Build / train | 16 |  | 
| ESC pressed | 2 |  | 
| Enter build submenu | 10 |  | 
| Enter hero's abilities submenu | 1 |  | 
| Right click | 51 |  | 
| Select / deselect | 99 |  | 
| Use ability | 14 |  | 
                201 total
 » units 
                » buildings
                
                | Farm | 4 |  | 
| Altar of Kings | 1 |  | 
| Barracks | 1 |  | 
| Scout Tower | 1 |  | 
| Lumber Mill | 1 |  | 
                8 total
 » build order
                00:35 Farm
00:37 Altar of Kings
01:22 Barracks
01:34 Farm
01:48 Farm
01:51 Farm
02:03 Scout Tower
02:32 Lumber Mill
 
               
              
              
Eclipse-of-IEL (
green | 25 APM | 306 actions | 12:28)
              
 1 Archmage 
 1 Blizzard
 
                » actions 
                
                | Basic commands | 31 |  | 
| Build / train | 11 |  | 
| ESC pressed | 2 |  | 
| Enter build submenu | 9 |  | 
| Enter hero's abilities submenu | 1 |  | 
| Right click | 42 |  | 
| Select / deselect | 161 |  | 
| Use ability | 49 |  | 
                306 total
 » units 
                » buildings
                
                | Altar of Kings | 1 |  | 
| Farm | 2 |  | 
| Lumber Mill | 1 |  | 
| Keep | 1 |  | 
| Orc Burrow | 2 |  | 
| Great Hall | 3 |  | 
                10 total
 » build order
                00:07 Altar of Kings
00:10 Farm
00:15 Farm
02:03 Lumber Mill
02:18 Keep
09:30 Orc Burrow
10:20 Orc Burrow
10:39 Great Hall
10:51 Great Hall
11:01 Great Hall
 
               
              
              
» 
Chanadian (
blue | 52 APM | 266 actions | 05:07)
              
 1 Blademaster 
 1 Wind Walk
 
                » actions 
                
                | Assign group hotkey | 1 |  | 
| Build / train | 17 |  | 
| Enter build submenu | 6 |  | 
| Enter hero's abilities submenu | 1 |  | 
| Right click | 140 |  | 
| Select / deselect | 78 |  | 
| Select group hotkey | 14 |  | 
| Use ability | 9 |  | 
                266 total
 » units 
                » upgrades
                » buildings
                
                | Orc Burrow | 2 |  | 
| Altar of Storms | 1 |  | 
| War Mill | 1 |  | 
| Barracks | 1 |  | 
| Voodoo Lounge | 1 |  | 
                6 total
 » build order
                00:20 Orc Burrow
00:53 Altar of Storms
01:13 War Mill
01:27 Barracks
01:51 Voodoo Lounge
02:09 Orc Burrow
 
               
              
              
» 
ROCKYLANE (
yellow | 51 APM | 382 actions | 07:25)
              
 2 Far Seer 
 1 Feral Spirit
 1 Chain Lighting
 1 Shadow Hunter 
 1 Healing Wave
 
                » actions 
                
                | Assign group hotkey | 19 |  | 
| Basic commands | 21 |  | 
| Build / train | 26 |  | 
| Enter build submenu | 11 |  | 
| Enter hero's abilities submenu | 3 |  | 
| Right click | 101 |  | 
| Select / deselect | 85 |  | 
| Select group hotkey | 89 |  | 
| Use ability | 27 |  | 
                382 total
 » units 
                
                | Peon | 7 |  | 
| Grunt | 3 |  | 
| Troll Headhunter/Berserker | 4 |  | 
                14 total
 » upgrades
                » buildings
                
                | Altar of Storms | 1 |  | 
| Orc Burrow | 3 |  | 
| Barracks | 1 |  | 
| War Mill | 1 |  | 
| Stronghold | 2 |  | 
| Watch Tower | 1 |  | 
| Voodoo Lounge | 1 |  | 
                10 total
 » build order
                00:12 Altar of Storms
00:17 Orc Burrow
00:55 Barracks
01:29 War Mill
02:06 Orc Burrow
03:02 Stronghold
03:20 Watch Tower
03:58 Orc Burrow
05:55 Voodoo Lounge
» items
                 
               team 2 (loser) 
              
              
» 
Insanity- (
red | 66 APM | 829 actions | 12:28)
              
 3 Archmage 
 2 Blizzard
 1 Brilliance Aura
 3 Blood Mage 
 2 Flame Strike
 1 Siphon Mana
 
                » actions 
                
                | Assign group hotkey | 16 |  | 
| Basic commands | 46 |  | 
| Build / train | 62 |  | 
| ESC pressed | 10 |  | 
| Enter build submenu | 19 |  | 
| Enter hero's abilities submenu | 7 |  | 
| Right click | 255 |  | 
| Select / deselect | 227 |  | 
| Select group hotkey | 128 |  | 
| Use ability | 59 |  | 
                829 total
 » units 
                
                | Peasant | 31 |  | 
| Footman | 9 |  | 
| Priest | 3 |  | 
| Sorceress | 3 |  | 
| Spell Breaker | 2 |  | 
                48 total
 » upgrades
                
                | Defend | 1 |  | 
| Lumber Harvesting | 1 |  | 
                2 total
 » buildings
                
                | Altar of Kings | 1 |  | 
| Farm | 8 |  | 
| Scout Tower | 2 |  | 
| Arcane Tower | 1 |  | 
| Barracks | 1 |  | 
| Keep | 1 |  | 
| Lumber Mill | 1 |  | 
| Arcane Vault | 1 |  | 
| Arcane Sanctum | 3 |  | 
| Guard Tower | 1 |  | 
| Castle | 1 |  | 
| Blacksmith | 1 |  | 
                22 total
 » build order
                00:11 Altar of Kings
00:21 Farm
00:37 Scout Tower
01:04 Arcane Tower
01:31 Barracks
01:40 Farm
03:05 Keep
03:17 Lumber Mill
03:36 Arcane Vault
05:08 Scout Tower
05:32 Arcane Sanctum
05:35 Farm
05:43 Guard Tower
05:46 Arcane Sanctum
08:01 Farm
08:54 Castle
09:35 Farm
10:46 Arcane Sanctum
11:26 Blacksmith
11:30 Farm
12:17 Farm
12:19 Farm
 
               
              
              
onlihuman (
teal | 58 APM | 720 actions | 12:28)
              
 4 Paladin 
 1 Holy Light
 2 Devotion Aura
 1 Divine Shield
 1 Mountain King 
 1 Storm Bolt
 
                » actions 
                
                | Assign group hotkey | 26 |  | 
| Basic commands | 75 |  | 
| Build / train | 60 |  | 
| ESC pressed | 2 |  | 
| Enter build submenu | 22 |  | 
| Enter hero's abilities submenu | 5 |  | 
| Give item / drop item | 4 |  | 
| Remove unit from queue | 3 |  | 
| Right click | 73 |  | 
| Select / deselect | 148 |  | 
| Select group hotkey | 259 |  | 
| Use ability | 43 |  | 
                720 total
 » units 
                
                | Peasant | 19 |  | 
| Footman | 11 |  | 
| Flying Machine | 8 |  | 
                38 total
 » upgrades
                
                | Plating | 2 |  | 
| Swords | 2 |  | 
| Gunpowder | 1 |  | 
| Lumber Harvesting | 2 |  | 
| Flying Machine Bombs | 1 |  | 
                8 total
 » buildings
                
                | Altar of Kings | 1 |  | 
| Farm | 11 |  | 
| Barracks | 1 |  | 
| Lumber Mill | 2 |  | 
| Town Hall | 2 |  | 
| Blacksmith | 1 |  | 
| Keep | 1 |  | 
| Castle | 2 |  | 
| Workshop | 2 |  | 
                23 total
 » build order
                00:20 Altar of Kings
00:36 Farm
00:51 Barracks
00:57 Farm
01:15 Lumber Mill
01:44 Farm
02:25 Farm
02:59 Farm
04:08 Town Hall
04:43 Blacksmith
05:03 Farm
05:22 Keep
05:37 Farm
07:07 Town Hall
07:54 Lumber Mill
08:26 Castle
08:26 Castle
09:16 Workshop
09:32 Workshop
10:46 Farm
10:48 Farm
12:05 Farm
12:06 Farm
» items
                 
               
              
              
» 
ImReallyStupid (
orange | 74 APM | 928 actions | 12:28)
              
 4 Archmage 
 2 Blizzard
 2 Brilliance Aura
 
                » actions 
                
                | Assign group hotkey | 10 |  | 
| Basic commands | 27 |  | 
| Build / train | 55 |  | 
| ESC pressed | 1 |  | 
| Enter build submenu | 26 |  | 
| Enter hero's abilities submenu | 4 |  | 
| Right click | 350 |  | 
| Select / deselect | 183 |  | 
| Select group hotkey | 227 |  | 
| Use ability | 45 |  | 
                928 total
 » units 
                » upgrades
                
                | Masonry | 1 |  | 
| Gunpowder | 1 |  | 
| Armor | 2 |  | 
| Long Rifles | 1 |  | 
| Swords | 2 |  | 
| Lumber Harvesting | 1 |  | 
                8 total
 » buildings
                
                | Altar of Kings | 1 |  | 
| Farm | 13 |  | 
| Blacksmith | 1 |  | 
| Barracks | 1 |  | 
| Scout Tower | 2 |  | 
| Arcane Tower | 2 |  | 
| Lumber Mill | 2 |  | 
| Guard Tower | 1 |  | 
| Arcane Vault | 1 |  | 
| Keep | 1 |  | 
| Town Hall | 1 |  | 
| Arcane Sanctum | 2 |  | 
| Gryphon Aviary | 2 |  | 
| Castle | 1 |  | 
                31 total
 » build order
                00:16 Altar of Kings
00:22 Farm
01:12 Blacksmith
01:23 Barracks
01:35 Scout Tower
01:55 Farm
02:06 Arcane Tower
02:42 Farm
02:46 Lumber Mill
02:55 Lumber Mill
03:11 Farm
03:28 Scout Tower
04:02 Guard Tower
04:25 Farm
04:51 Arcane Vault
06:19 Keep
06:27 Town Hall
06:37 Farm
06:38 Farm
07:57 Farm
08:42 Farm
08:47 Arcane Sanctum
08:50 Arcane Sanctum
09:15 Gryphon Aviary
09:17 Gryphon Aviary
09:49 Farm
09:49 Farm
09:50 Farm
09:50 Farm
11:00 Castle
 
               
              
              
» 
FatalError1 (
pink | 56 APM | 696 actions | 12:28)
              
 3 Keeper of the Grove 
 2 Entangling Roots
 1 Thorns Aura
 
                » actions 
                
                | Assign group hotkey | 10 |  | 
| Basic commands | 25 |  | 
| Build / train | 45 |  | 
| Enter build submenu | 19 |  | 
| Enter hero's abilities submenu | 3 |  | 
| Right click | 179 |  | 
| Select / deselect | 130 |  | 
| Select group hotkey | 255 |  | 
| Use ability | 30 |  | 
                696 total
 » units 
                » upgrades
                
                | Improved Bows | 1 |  | 
| Strength of the Wild | 2 |  | 
| Reinforced Hides | 1 |  | 
| Well Spring | 1 |  | 
| Ultravision | 1 |  | 
| Corrosive Breath | 1 |  | 
                7 total
 » buildings
                
                | Altar of Elders | 1 |  | 
| Moon Well | 6 |  | 
| Ancient of War | 1 |  | 
| Tree of Ages | 1 |  | 
| Hunter's Hall | 1 |  | 
| Tree of Eternity | 1 |  | 
| Ancient of Wind | 1 |  | 
| Ancient of Wonders | 1 |  | 
| Tree of Life | 1 |  | 
| Chimaera Roost | 3 |  | 
                17 total
 » build order
                00:12 Altar of Elders
00:22 Moon Well
01:17 Moon Well
01:24 Ancient of War
02:25 Tree of Ages
03:05 Hunter's Hall
03:23 Moon Well
05:50 Tree of Eternity
06:39 Ancient of Wind
06:42 Ancient of Wonders
06:46 Moon Well
07:21 Tree of Life
08:28 Chimaera Roost
08:32 Chimaera Roost
09:55 Moon Well
10:52 Chimaera Roost
12:17 Moon Well
 
                Chat log
          (00:31 / Allies) Eclipse-of-IEL: dont bs purple....
(00:41 / Allies) 418: YEAH, DONT BS ME GUYS
(00:43 / Allies) Chanadian: plan?
(00:58 / Allies) ROCKYLANE: rush
(01:00 / Allies) Eclipse-of-IEL: no  was telling
(01:02 / Allies) Eclipse-of-IEL: you fag
(01:04 / Allies) Eclipse-of-IEL: not to bs
(01:06 / Allies) 418: OR WHAT
(01:09 / Allies) Chanadian: >.>
(01:22 / Allies) Eclipse-of-IEL: you're a huge fag
(01:23 / Allies) Eclipse-of-IEL: hush
(01:32 / Allies) 418: THATS A CONVINCING WAY OF TELLING ME NOT TO STAB
(01:41 / Allies) Eclipse-of-IEL: turn off your caps
(01:44 / Allies) 418: OR WHAT
(02:11 / Allies) Eclipse-of-IEL: you're being a little kid
(02:12 / Allies) Eclipse-of-IEL: stop it
(02:17 / Allies) 418: YOU NEED TO STOP TELLING ME WHAT TO DO
(02:23 / Allies) 418: I DON'T TAKE KINDLY TO THREATS
(02:33 / Allies) Eclipse-of-IEL: shut up purple
(02:45 / Allies) ROCKYLANE: burrow!!
(02:55 / Allies) Chanadian: lol
(03:12 / Allies) 418: YOU REALLY LEAVE ME LITTLE RECOURSE
(03:40 / Allies) Chanadian: wtf
(03:41 / Allies) Chanadian: ....
(03:48 / Allies) Eclipse-of-IEL: oops
(03:49 / Allies) Eclipse-of-IEL: you fail
(03:53 / Allies) Chanadian: wow...
(03:59 / Allies) Eclipse-of-IEL: that sucks purple
(04:15 / Allies) 418: NOW TO FIND MY PEN AND WRITE YOUR NAME ON THE STABLIST
(04:17 / All) Chanadian: no point in playing
(04:26 / All) Chanadian: purp and green are killing each other...
(04:26 / Allies) Eclipse-of-IEL: you are so bad
(04:28 / All) onlihuman: guess not
(04:29 / Allies) Eclipse-of-IEL: you failed
(04:30 / Allies) Eclipse-of-IEL: to kill me
(04:34 / All) onlihuman: nce
(04:45 / All) onlihuman: GG
(04:51 / All) Chanadian: not reall
(04:54 / All) Chanadian: really*
(05:01 / Allies) Eclipse-of-IEL: i do it better
(05:02 / Allies) Eclipse-of-IEL: purple
(05:05 / Allies) Eclipse-of-IEL: you fail
(05:10 / All) onlihuman: GG
(05:15 / Allies) 418: I HAVE TO ASSUME YOU WANTED TO LOSE BY ANTAGONIZING ME
(05:28 / Allies) ROCKYLANE: noob team
(05:29 / Allies) Eclipse-of-IEL: you suck so bad
(05:32 / Allies) Eclipse-of-IEL: its not even funny
(05:54 / Allies) 418: I MEAN REALLY
(05:58 / Allies) Eclipse-of-IEL: oops
(05:59 / Allies) 418: I WAS GOING TO JUST QUIETLY PLAY AND MIND MY OWN BUSINESS
(06:00 / Allies) Eclipse-of-IEL: failed again
(06:08 / Allies) Eclipse-of-IEL: nope i wanted
(06:11 / Allies) Eclipse-of-IEL: to add another loss
(06:16 / Allies) Eclipse-of-IEL: to your 10k that you already have
(06:23 / Allies) Eclipse-of-IEL: plus you're in the newb clan of ggl
(06:25 / Allies) 418: HMM
(06:28 / Allies) Eclipse-of-IEL: which i have already raped
(06:31 / Allies) 418: IS THAT SO
(06:35 / Allies) Eclipse-of-IEL: your best members from
(06:44 / Allies) 418: ?
(06:46 / Allies) 418: IN ENGLISH PLEASE
(07:27 / Allies) Eclipse-of-IEL: you are so bad purple
(07:28 / All) Insanity-: gg
(07:29 / Allies) Eclipse-of-IEL: bye
(07:29 / Allies) 418: K
(07:32 / Allies) Eclipse-of-IEL: newb
(07:32 / All) onlihuman: GG
(07:34 / Allies) 418: YOU MAD?
(07:54 / Allies) Eclipse-of-IEL: no i raped you
(07:59 / Allies) Eclipse-of-IEL: why would i be mad
(08:01 / Allies) 418: "K"
(08:05 / Allies) 418: A LOSS IS A LOSS DOUCHEBAG
(08:09 / Allies) 418: I BET IT HURTS YOUR % MORE THAN MINE
(08:15 / Allies) Eclipse-of-IEL: nope
(09:00 / All) Eclipse-of-IEL: lets play hide the farm
(10:20 / Allies) 418: I ALMOST WANT TO ASK YOU WHY
(10:20 / All) onlihuman: LOL
(10:27 / Allies) 418: BUT I BET YOU HAVE SOME SMARTASS ANSWER TO THAT
(10:34 / Allies) Eclipse-of-IEL: why
(10:34 / Allies) 418: "BECAUSE YOU'RE IN GGL" OR SOME SHIT RIGHT?
(10:35 / Allies) Eclipse-of-IEL: whay
(10:41 / Allies) Eclipse-of-IEL: i rape
(10:43 / Allies) Eclipse-of-IEL: your clan
(10:45 / Allies) Eclipse-of-IEL: all the time
(10:47 / Allies) Eclipse-of-IEL: thats why
(10:48 / Allies) Eclipse-of-IEL: i did it
(10:53 / Allies) 418: I COULD REALLY CARE LESS ABOUT MY CLAN
(11:11 / Allies) 418: THATS NERDINESS ON YOUR PART FOR KNOWING WHAT CLAN IM IN
(11:14 / Allies) 418: I DON'T KNOW WHO THE FUCK YOU ARE AT ALL
(11:28 / Allies) Eclipse-of-IEL: k
(11:57 / All) Eclipse-of-IEL: 1 min left
(12:05 / All) Insanity-: b4 wat?
(12:18 / All) Eclipse-of-IEL: it would have showed you
(12:22 / All) 418: SHOWN*